 Dungeon Crawl Stone Soup version 0.20-a0-1000-g0e8f6bb (webtiles) character file.

831 Duffy the Chopper (level 7, -6/62 HPs)
             Began as a Naga Fighter on Apr 12, 2017.
             Mangled by Blork the orc
             ... wielding a +1 vampiric battleaxe
              (9 damage)
             ... on level 5 of the Dungeon.
             The game lasted 00:04:21 (4528 turns).

Duffy the Chopper (Naga Fighter)                    Turns: 4528, Time: 00:04:22

Health: -6/62      AC:  9    Str: 18 (21) XL:     7   Next: 98%
Magic:  7/7        EV:  4    Int:  8      God:
Gold:   264        SH:  9    Dex: 10      Spells: 6/6 levels left

rFire    + . .     SeeInvis +   a - +0 war axe
rCold    . . .     Gourm    .   c - +0 shield
rNeg     . . .     Faith    .   r - +0 chain mail
rPois    +         Spirit   .   (no helmet)
rElec    .         Reflect  .   (no cloak)
rCorr    .         Harm     .   (no gloves)
MR       +....                  (no barding)
Stlth    ..........             (no amulet)
Regen    0.2/turn               e - ring of protection from magic
MPRegen  0.1/turn               m - ring of protection from fire

@: very slow
A: molten scales 1, see invisible, deformed body, mutation resistance 1, poison
resistance, slowness 2, slow metabolism 1, spit poison 1, AC +2
a: Spit Poison


You were on level 5 of the Dungeon.
You were hungry.

You visited 1 branch of the dungeon, and saw 5 of its levels.

You collected 264 gold pieces.

Inventory:

Hand Weapons
 a - a +0 war axe (weapon)
Armour
 c - a +0 shield (worn)
 r - a +0 chain mail (worn)
Jewellery
 e - a ring of protection from magic (left hand)
 k - an uncursed ring of fire
 m - a ring of protection from fire (right hand)
Wands
 j - a wand of lightning (7/15)
 s - a wand of acid (3/15)
 t - a wand of lightning (7/15)
Scrolls
 b - 2 scrolls of enchant armour
 o - 2 scrolls of remove curse
 q - a scroll of immolation {unknown}
 u - a scroll of blinking
Potions
 d - a potion of might
 i - a potion of resistance
 n - a potion of ambrosia
 v - a potion of flight {unknown}
Comestibles
 f - 5 bread rations
 g - 2 royal jellies
 h - 10 fruits
 p - 2 meat rations


   Skills:
 - Level 3.0 Fighting
 + Level 6.5 Axes
 - Level 2.4 Armour
 + Level 5.5 Shields


You had 6 spell levels left.
You didn't know any spells.

Dungeon Overview and Level Annotations

Branches:
Dungeon (5/15)
 Temple: D:4-7

Altars:
Elyvilon
Wu Jian
Yredelemnul

Shops:
D:5 %

Annotations:
D:5 Blork the orc


Innate Abilities, Weirdness & Mutations

You cannot wear boots.
Your serpentine skin is tough. (AC +2)
You have supernaturally acute eyesight. (SInv)
Armour fits poorly on your strangely shaped body.
Your system is resistant to poisons. (rPois)
You cover ground very slowly.
You have a slow metabolism.
You can spit poison.
You are partially covered in molten scales. (AC +2)
You are somewhat resistant to further mutation.


Message History

The orc wizard barely misses you. The orc priest hits you with a mace.
The crimson imp blinks!
Blork the orc casts a spell at you. The puff of flame hits you! You resist.
The orc wizard hits you but does no damage.
The gnoll barely misses you.
You slash Blork the orc!
Blork the orc is heavily wounded.
You barely miss the orc wizard.
Your shield and chain mail prevent you from hitting the crimson imp.
Your shield and chain mail prevent you from hitting the orc priest.
You block Blork the orc's attack.
The crimson imp laughs crazily.
The crimson imp hits you but does no damage.
The orc priest looks satisfied for a moment.
The gnoll hits you but does no damage.
The orc wizard hits you but does no damage.
The gnoll hits you but does no damage.
Blork the orc hits you with a vampiric battleaxe!
You die...

# ....##' # ......'. #
......# # #....# . #
#######....# ..
#########....##.0..##...
........#....'..........
........#....#.5.)......
........'....#..@og.....
........#######.oo.#####
..............####g#
########........ g..
.......#........ ....
#......#%....... .....
#......#........ ....
.......#........ ....
#......#......##


You could see Blork the orc, an orc priest, an orc wizard, 3 gnolls and a
crimson imp.

Vanquished Creatures
  Sigmund (D:2)
  An ice beast (D:3)
  An ogre (D:5)
  The ghost of Koga the Destroyer, an amateur TeCj (D:3)
  A howler monkey (D:5)
  2 hounds (D:4)
  An orc priest (D:5)
  An orc wizard (D:3)
  2 worker ants
  9 adders
  3 gnolls (D:4)
  A howler monkey skeleton (D:4)
  A worm (D:2)
  2 dart slugs
  3 leopard geckos
  16 orcs
  6 bats
  4 giant cockroaches
  6 goblins
  5 hobgoblins
  8 jackals
  4 quokkas
  A ball python (D:1)
  5 frilled lizards
  8 kobolds
  A leopard gecko skeleton (D:4)
  A quokka skeleton (D:4)
  5 rats
100 creatures vanquished.

Notes
Turn   | Place    | Note
-------+----------+-------------------------------------------
     0 | D:1      | Duffy the Naga Fighter began the quest for the Orb.
     0 | D:1      | Reached XP level 1. HP: 21/21 MP: 1/1
   349 | D:1      | Reached XP level 2. HP: 27/28 MP: 2/2
   744 | D:2      | Found a basalt altar of Yredelemnul.
   814 | D:2      | Reached XP level 3. HP: 20/34 MP: 3/3
   954 | D:2      | Noticed Sigmund
  1054 | D:2      | Killed Sigmund
  1054 | D:2      | Reached skill level 4 in Axes
  1054 | D:2      | Reached XP level 4. HP: 42/42 MP: 4/4
  1054 | D:2      | Reached XP level 5. HP: 48/49 MP: 5/5
  1710 | D:3      | Reached XP level 6. HP: 50/56 MP: 6/6
  1795 | D:3      | Noticed Koga's ghost (amateur TeCj)
  1811 | D:3      | Gained mutation: Potions are less effective at restoring your health. [potion of mutation]
  1811 | D:3      | Gained mutation: Your mind is acute. (Int +2) [potion of mutation]
  1822 | D:3      | Killed Koga's ghost
  2256 | D:3      | Noticed an ice beast
  2270 | D:3      | Killed an ice beast
  2270 | D:3      | Reached skill level 5 in Axes
  2733 | D:3      | Found a white marble altar of Elyvilon.
  2788 | D:3      | Reached XP level 7. HP: 55/62 MP: 7/7
  3471 | D:4      | Reached skill level 5 in Shields
  3524 | D:4      | Lost mutation: Potions are less effective at restoring your health. [potion of mutation]
  3524 | D:4      | Lost mutation: Your mind is acute. (Int +2) [potion of mutation]
  3524 | D:4      | Gained mutation: You are clumsy. (Dex -2) [potion of mutation]
  3524 | D:4      | Gained mutation: Your flesh is cold resistant. (rC+) [potion of mutation]
  3525 | D:4      | Lost mutation: Your flesh is cold resistant. (rC+) [potion of mutation]
  3525 | D:4      | Lost mutation: You are clumsy. (Dex -2) [potion of mutation]
  3525 | D:4      | Gained mutation: You are somewhat resistant to further mutation. [potion of mutation]
  3525 | D:4      | Gained mutation: You are partially covered in molten scales. (AC +2) [potion of mutation]
  3957 | D:4      | Found an ornate altar of the Wu Jian Council.
  4303 | D:5      | Entered Level 5 of the Dungeon
  4307 | D:5      | Reached skill level 6 in Axes
  4441 | D:5      | Found Imurho's Food Boutique.
  4513 | D:5      | Noticed Blork the orc
  4527 | D:5      | HP: 3/62 [Blork the orc/puff of flame (2)]
  4528 | D:5      | Mangled by Blork the orc

Vault maps used:
D:1:      tarquinn_simple_flora_water_a
D:2:      overflow_temple_1_default, uniq_sigmund
D:3:      minmay_diamond_boxcup, lemuel_doored_altar
D:4:      kennysheep_big_flooded_room, nicolae_overflow_hidden_temple,
          first_bread
D:5:      serial_shops, nicolae_shop_competitors_out_of_business, shop, shop,
          shop, lemuel_statue_altar, uniq_blork_the_orc

Skill      XL: |  1  2  3  4  5  6  7 |
---------------+----------------------+-----
Axes           | 4 5 6 |  6.5
Shields        | 3 4 5 |  5.5
Fighting       | |  3.0
Armour         | |  2.4

Action                   |  1- 3 |  4- 6 |  7- 9 || total
-------------------------+-------+-------+-------++-------
Melee: War axe           |    82 |   165 |   161 ||   408
 Abil: Spit Poison       |     1 |       |       ||     1
Evoke: Wand              |       |       |     3 ||     3
  Use: Scroll            |     5 |     4 |     3 ||    12
       Potion            |     1 |     4 |     2 ||     7
  Eat: Chunk             |       |     4 |     5 ||     9
Armor: Scale mail        |    35 |     5 |       ||    40
       Skin              |    18 |     1 |       ||    19
       Chain mail        |       |    85 |   109 ||   194
Dodge: Dodged            |    16 |    20 |    28 ||    64
Block: Shield            |    51 |   100 |    97 ||   248
